 Dungeon Crawl Stone Soup version 0.29.1-2-gbd0b4ee654 (webtiles) character file.

Game seed: 12500599006893010759

9951 RascalDebosk the Thaumaturge (level 11, -10/84 HPs)
             Began as a Djinni Earth Elementalist on Oct 25, 2022.
             Was an Initiate of Ashenzari.
             Killed from afar by a rime drake (22 damage)
             ... with a flash freeze
             ... on level 10 of the Dungeon.
             The game lasted 01:04:42 (10582 turns).

RascalDebosk the Thaumaturge (DjEE)                Turns: 10582, Time: 01:04:43

Health: -10/84     AC: 10    Str:  7    XL:     11   Next: 83%
Gold:   541        EV: 13    Int: 22    God:    Ashenzari [......] SH: 10 Dex: 13

rFire   + + .      SeeInvis .   m - +0 scimitar
rCold   x . .      Faith    .   l - +0 buckler
rNeg    . . .      Spirit   .   j - +2 robe {Archmagi}
rPois   ∞          Reflect  +   n - +2 helmet
rElec   .          Harm     .   i - +1 cloak {Stlth+}
rCorr   .          Rampage  .   f - +0 pair of gloves
Will    +....      Archmagi +   (boots unavailable)
Stlth   +++.......              r - amulet of reflection
HPRegen 0.24/turn               (no ring)
MPRegen 0.00/turn               (no ring)

@: flying
A: sickness immunity, fire resistance 2, cold vulnerability 1, float, innate
caster, HP casting, extra vitality 1
a: Renounce Religion, Curse Item


You were on level 10 of the Dungeon.
You worshipped Ashenzari.
Ashenzari was noncommittal.
You visited 2 branches of the dungeon, and saw 11 of its levels.

You collected 541 gold pieces.

Inventory:

Hand Weapons
 m - a +0 scimitar (weapon)
Missiles
 K - a throwing net {@!f}
Armour
 a - a +0 robe
 f - a +0 pair of gloves (worn)
 i - a +1 cloak of stealth (worn)
 j - a +2 robe of the Archmagi (worn)
 l - a +0 buckler (worn)
 n - a +2 helmet (worn)
Magical Staves
 q - a staff of death
Jewellery
 r - an amulet of reflection (around neck)
 E - a ring of ice
Wands
 p - a wand of iceblast (23)
 D - a wand of flame (26)
 H - a wand of mindburst (20)
Scrolls
 b - a scroll of brand weapon {unknown}
 t - 2 scrolls of teleportation
 v - 2 scrolls of fog {unknown}
 w - 2 scrolls of vulnerability
 x - a scroll of torment
 y - a scroll of poison {unknown}
 z - 2 scrolls of fear {unknown}
 A - a scroll of blinking {unknown}
 F - a scroll of immolation
 I - a scroll of enchant weapon {unknown}
 L - a scroll of magic mapping
Potions
 c - 2 potions of lignification
 d - 2 potions of brilliance
 e - 2 potions of resistance
 g - a potion of berserk rage {unknown}
 h - 2 potions of mutation
 k - a potion of might {unknown}
 o - 2 potions of ambrosia {unknown}
 s - 4 potions of curing
 u - 5 potions of heal wounds
 B - 2 potions of magic {unknown}
 G - 2 potions of haste {unknown}
 J - a potion of attraction {unknown}
Miscellaneous
 C - a lightning rod (4/4)
 V - a condenser vane


   Skills:
 + Level 9.1 Fighting
 - Level 5.0 Dodging
 - Level 1.5 Stealth
 + Level 4.8 Shields
 * Level 10.3 Spellcasting
 - Level 5.0 Evocations


You had 8 spell levels left.
You knew the following spells:

 Your Spells              Type           Power      Damage    Failure   Level
a - Sandblast             Erth           100%       2d20      1%          1
b - Passwall              Tmut/Erth      60%        N/A       1%          2
c - Stone Arrow           Conj/Erth      100%       3d13      1%          3
d - Petrify               Tmut/Erth      72%        N/A       1%          4
e - Beastly Appendage     Tmut           100%       N/A       1%          1
f - Call Imp              Summ           72%        N/A       1%          2
g - Ensorcelled Hibernat  Hex/Ice        100%       N/A       1%          2
h - Mephitic Cloud        Conj/Pois/Air  72%        N/A       1%          3
i - Animate Armour        Summ/Erth      100%       N/A       1%          4
Your spell library was empty.

Dungeon Overview and Level Annotations

Branches:
Dungeon (10/15)            Temple (1/1) D:7
   Lair: D:8-11         Orc: D:9-12

Altars:
Ashenzari
Cheibriados
Dithmenos
Elyvilon
Gozag
Hepliaklqana
Makhleb
Nemelex Xobeh
Okawaru
Qazlal
Ru
Trog
Uskayaw
Wu Jian
Xom
Yredelemnul
Zin
The Shining One


Innate Abilities, Weirdness & Mutations

You are immune to sickness and miasma.
You are immune to poison.
Your flesh is very heat resistant. (rF++)
You are vulnerable to cold. (rC-)
You float through the air rather than walking.
You learn spells naturally, not from books.
Your magical power is your life essence.
You have superior vitality. (+4 MHP)


Message History

The rime drake bites you but does no damage.
Aiming: Sandblast (safe; 1% risk of failure)
Press: ? - help, Q - select action, (/) - cycle Shift-Dir - straight line, f/p - rime drake
Aim: a rime drake (heavily wounded, 82% to hit)
You feel a surge of power!
The blast of sand misses the rime drake.
The rime drake breathes ice at you. The flash freeze misses you.
The flash freeze hits the rime drake!!
The rime drake partially resists.
The rime drake is flash-frozen.
You block the rime drake's attack. The rime drake breathes ice at you.
The flash freeze reflects off an invisible shield around you!
The flash freeze hits the rime drake!!
The rime drake partially resists.
The rime drake is flash-frozen.
The rime drake bites you but does no damage.
The rime drake completely misses you.
The rime drake bites you but does no damage.
Aiming: Sandblast (safe; 1% risk of failure)
Press: ? - help, Q - select action, (/) - cycle Shift-Dir - straight line, f/p - rime drake
Aim: a rime drake (heavily wounded, catching its breath, 82% to hit)
You feel a surge of power!
The blast of sand hits the rime drake!
The rime drake is severely wounded.
The rime drake is no longer encased in ice.
The rime drake bites you but does no damage.
The rime drake breathes ice at you.
The flash freeze reflects off an invisible shield around you!
The flash freeze hits the rime drake but does no damage.
The rime drake is unaffected.
The rime drake misses you. You block the rime drake's attack.
The rime drake barely misses you. The rime drake bites you.
Aiming: Sandblast (safe; 1% risk of failure)
Press: ? - help, Q - select action, (/) - cycle Shift-Dir - straight line, f/p - rime drake
Aim: a rime drake (severely wounded, catching its breath, 82% to hit)
You feel a surge of power!
The blast of sand misses the rime drake.
The rime drake is no longer encased in ice.
You block the rime drake's attack. x2; The rime drake closely misses you.
Aiming: Sandblast (safe; 1% risk of failure)
Press: ? - help, Q - select action, (/) - cycle Shift-Dir - straight line, f/p - rime drake
Aim: a rime drake (severely wounded, 82% to hit)
You feel a surge of power!
The blast of sand hits the rime drake!
You kill the rime drake!
The rime drake barely misses you.
The rime drake bites you but does no damage.
The rime drake breathes ice at you.
The flash freeze hits you but does no damage.
You are encased in ice.
You block the rime drake's attack.
Your Fighting skill increases to level 9!
Aiming: Sandblast (safe; 1% risk of failure)
Press: ? - help, Q - select action, (/) - cycle Shift-Dir - straight line, f - rime drake
Aim: a rime drake (severely wounded, 82% to hit)
You feel a surge of power!
The blast of sand hits the rime drake!
You kill the rime drake!
The rime drake bites you.
Aiming: Sandblast (safe; 1% risk of failure)
Press: ? - help, Q - select action, (/) - cycle Shift-Dir - straight line, f - rime drake
Aim: a rime drake (severely wounded, 82% to hit)
You feel a surge of power!
The blast of sand hits the rime drake!!
You kill the rime drake!
The ice encasing you melts away. The rime drake completely misses you.
The rime drake breathes ice at you. The flash freeze hits you!!
You feel a painful chill!
* * * LOW HITPOINT WARNING * * *
You are encased in ice.
Aiming: Sandblast (safe; 1% risk of failure)
Press: ? - help, Q - select action, (/) - cycle Shift-Dir - straight line, f - rime drake
Aim: a rime drake (catching its breath, 82% to hit)
You feel a surge of power!
The blast of sand hits the rime drake!!
The rime drake is severely wounded.
* * * LOW HITPOINT WARNING * * *
The rime drake bites you.
* * * LOW HITPOINT WARNING * * *
Aiming: Sandblast (safe; 1% risk of failure)
Press: ? - help, Q - select action, (/) - cycle Shift-Dir - straight line, f/p - rime drake
Aim: a rime drake (severely wounded, 82% to hit)
You feel a surge of power!
The blast of sand hits the rime drake!!
You kill the rime drake!
* * * LOW HITPOINT WARNING * * *
The ice encasing you melts away.
Aiming: Sandblast (safe; 1% risk of failure)
Press: ? - help, Q - select action, (/) - cycle Shift-Dir - straight line, f - rime drake
Aim: a rime drake (82% to hit)
You feel a surge of power!
The blast of sand hits the rime drake.
The rime drake is lightly wounded.
* * * LOW HITPOINT WARNING * * *
The rime drake barely misses you. You block the rime drake's attack.
The rime drake bites you.
* * * LOW HITPOINT WARNING * * *
Casting: Sandblast (safe; 1% risk of failure)
Confirm with . or Enter, or press ? or * to list all spells.
Aiming: Stone Arrow (safe; 1% risk of failure)
Press: ? - help, Shift-Dir - straight line, f/p - rime drake
Aim: a rime drake (lightly wounded, 72% to hit)
You feel a surge of power!
The stone arrow misses the rime drake.
* * * LOW HITPOINT WARNING * * *
The rime drake breathes ice at you. The flash freeze hits you!!
You feel a painful chill!
You die...

....#.#####'###...#'#.....#
....#.##......#####.########
....#.##.........†..........
....#.##....................
.)..#.##....................
#...####.##.#################+###
#.#.####.################........
#.#.#.......##..........#........
#...#####'####.†@k............##.
+............###k#######+###..##.
#.#..#....##.####..(.....##......
#............#####..##..##[......
# #+#######...#####....##........
. #.#.# ####..##.##..#..# ##
#...#######..####..#..# .+
####....##....##...#... #.#
..+.#.##k.##.k###.#.##


You could see 2 rime drakes.

Vanquished Creatures
  3 two-headed ogres
  A manticore (D:7)
  Maurice (D:10)
  A gargoyle (D:10)
  5 rime drakes (D:10)
  2 trolls
  A hornet (D:8)
  Grinder (D:4)
  A wraith (D:9)
  2 shadows
  A wyvern (D:10)
  3 vampire mosquitoes (D:10)
  3 steam dragons
  2 water moccasins
  2 orc warriors
  4 sky beasts
  A black bear (D:7)
  2 ice beasts
  4 ogres
  A centaur (D:7)
  3 phantoms
  A bullfrog (D:9)
  A necrophage (D:5)
  2 gnoll sergeants
  6 scorpions
  A wight (D:6)
  8 killer bees
  6 howler monkeys
  3 jellies
  3 orc priests
  A gnoll bouda (D:6)
  2 hounds (D:5)
  5 iguanas
  6 orc wizards
  20 gnolls
  A river rat (D:6)
  6 adders
  2 shadow imps (D:5)
  4 ufetubi
  A worm (D:2)
  2 dart slugs
  21 orcs
  9 endoplasms
  5 giant cockroaches
  7 goblins
  5 hobgoblins
  7 jackals
  5 kobolds
  3 quokkas
  2 ball pythons
  5 bats
  4 frilled lizards
  10 rats
208 creatures vanquished.

Vanquished Creatures (others)
  A kobold brigand (D:6)
1 creature vanquished.

Grand Total: 209 creatures vanquished

Notes
Turn   | Place    | Note
-------+----------+-------------------------------------------
     0 | D:1      | RascalDebosk the Djinni Earth Elementalist began the quest
                  | for the Orb.
     0 | D:1      | RascalDebosk set off with the following spells memorised:
                  | Sandblast, Passwall, Stone Arrow, Petrify.
     0 | D:1      | Reached XP level 1. HP: 15/15 MP: 0/0
   360 | D:1      | Reached XP level 2. HP: 4/22 MP: 0/0
   797 | D:1      | Reached skill level 1 in Fighting
  1060 | D:1      | Reached XP level 3. HP: 26/27 MP: 0/0
  1060 | D:1      | Learned a level 1 spell: Beastly Appendage
  1232 | D:1      | Reached skill level 3 in Spellcasting
  1730 | D:2      | Found a faded altar of an unknown god.
  1740 | D:2      | Reached XP level 4. HP: 28/33 MP: 0/0
  2825 | D:4      | Noticed a sky beast
  2831 | D:4      | Killed a sky beast
  2832 | D:4      | Reached skill level 4 in Spellcasting
  2832 | D:4      | Reached XP level 5. HP: 14/39 MP: 0/0
  2832 | D:4      | Learned a level 2 spell: Call Imp
  3242 | D:4      | Noticed a phantom
  3247 | D:4      | Killed a phantom
  3248 | D:4      | Reached XP level 6. HP: 40/46 MP: 0/0
  3287 | D:4      | Noticed Grinder
  3287 | D:4      | Paralysed by Grinder for 4 turns
  3300 | D:4      | Killed Grinder
  3301 | D:4      | Reached XP level 7. HP: 27/50 MP: 0/0
  3301 | D:4      | Learned a level 2 spell: Ensorcelled Hibernation
  3749 | D:4      | Reached skill level 5 in Spellcasting
  4034 | D:5      | Entered Level 5 of the Dungeon
  4083 | D:5      | Noticed a two-headed ogre
  4092 | D:5      | Killed a two-headed ogre
  4093 | D:5      | Reached skill level 5 in Fighting
  4093 | D:5      | Reached skill level 6 in Spellcasting
  4093 | D:5      | Reached XP level 8. HP: 31/59 MP: 0/0
  4292 | D:5      | Reached skill level 5 in Dodging
  4316 | D:5      | Reached XP level 9. HP: 63/65 MP: 0/0
  4316 | D:5      | Learned a level 3 spell: Mephitic Cloud
  4356 | D:5      | Reached skill level 1 in Evocations
  4772 | D:5      | Reached skill level 7 in Spellcasting
  5651 | D:6      | Reached XP level 10. HP: 63/73 MP: 0/0
  5932 | D:7      | Found a staircase to the Ecumenical Temple.
  5941 | D:7      | Reached skill level 8 in Spellcasting
  5948 | Temple   | Entered the Ecumenical Temple
  6095 | Temple   | Became a worshipper of Ashenzari the Shackled
  6506 | D:7      | Noticed a manticore
  6520 | D:7      | Killed a manticore
  6983 | D:7      | Found a hazy altar of Hepliaklqana.
  7099 | D:7      | Reached skill level 5 in Evocations
  7276 | D:8      | Found a basalt altar of Yredelemnul.
  7425 | D:8      | Found a snail-covered altar of Cheibriados.
  7777 | D:8      | Reached skill level 1 in Shields
  7802 | D:8      | Found a bloodstained altar of Trog.
  7811 | D:8      | Reached skill level 9 in Spellcasting
  8528 | D:9      | Reached XP level 11. HP: 79/81 MP: 0/0
  8528 | D:9      | Learned a level 4 spell: Animate Armour
  8555 | D:9      | Noticed a two-headed ogre
  8565 | D:9      | Killed a two-headed ogre
  9440 | D:10     | Entered Level 10 of the Dungeon
  9491 | D:10     | Noticed a two-headed ogre
  9502 | D:10     | Killed a two-headed ogre
  9735 | D:10     | Found the +4 skin of Zhor {*Englaciate rC+++ SInv}
  9783 | D:10     | Reached skill level 10 in Spellcasting
 10196 | D:10     | Noticed Maurice
 10210 | D:10     | Killed Maurice
 10582 | D:10     | Killed from afar by a rime drake

Illustrated notes

Levels and vault maps discovered:
D:1:      dpeg_arrival_pits, layout_basic
D:2:      layout_basic, hellmonk_ecumenical_altar_arch_garden,
          kennysheep_generic_room_14
D:3:      layout_loops_ring
D:4:      layout_loops_corners, palyth_stone_intersect, uniq_grinder
D:5:      minmay_inner_zag, layout_basic
D:6:      minmay_skewed_foursquare, layout_loops_ring, portal_sewer_entry_b
D:7:      layout_loops_cross, lemuel_round_altar, temple_fountains,
          kennysheep_generic_room_9
D:8:      layout_gridville, mainiacjoe_overflow_tiny_flanked,
          lemuel_round_altar, mainiacjoe_overflow_cross_hatched,
          lemuel_flame_loot_1
D:9:      layout_stronghold, nrook_loot_triangle
D:10:     layout_stronghold, gammafunk_temple_overflow_elements,
          hangedman_decor_riveting, hellmonk_guarded_unrand_zhor, uniq_maurice
Temple:   eino_temple_scatter_basement

Skill      XL: |  1  2  3  4  5  6  7  8  9 10 11 |
---------------+----------------------------------+-----
Fighting       | 1 2 3 5 6 7 9 |  9.1
Spellcasting   | 3 4 6 7 9 10 | 10.3
Dodging        | 4 5 |  5.0
Evocations     | 3 5 |  5.0
Shields        | 2 4 |  4.8
Stealth        | |  1.5

Action                   |  1- 3 |  4- 6 |  7- 9 | 10-12 || total
-------------------------+-------+-------+-------+-------++-------
Melee: Scimitar          |     5 |     2 |       |    10 ||    17
       Punch             |       |     1 |       |       ||     1
 Cast: Sandblast         |    40 |    32 |    85 |   166 ||   323
       Stone Arrow       |     1 |     9 |    18 |    32 ||    60
       Petrify           |       |     2 |     8 |     7 ||    17
       Mephitic Cloud    |       |       |       |     8 ||     8
  Use: Scroll            |       |       |     7 |    10 ||    17
 Stab: Confused          |       |       |       |     1 ||     1
Armor: Robe              |     1 |     8 |     5 |    26 ||    40
Dodge: Dodged            |    12 |     6 |     9 |    73 ||   100
Block: Other             |       |       |     4 |    12 ||    16
       Buckler           |       |       |       |    41 ||    41
       Reflection        |       |       |       |     6 ||     6
